 Dungeon Crawl Stone Soup version 0.29.0-11-gd7f09526c8 (webtiles) character file.

Game seed: 16784307840226336302

4339 Lekart the Carver (level 10, -4/96 HPs)
             Began as a Green Draconian Chaos Knight on Sept 2, 2022.
             Was a Plaything of Xom.
             Slain by an acid dragon (10 damage)
             ... on level 9 of the Dungeon.
             The game lasted 00:18:04 (9431 turns).

Lekart the Carver (Green Draconian Chaos Knight)    Turns: 9431, Time: 00:18:05

Health: -4/96      AC:  7    Str: 24    XL:     10   Next: 12%
Magic:  10/10      EV: 15    Int:  8    God:    Xom [......]
Gold:   495        SH:  0    Dex: 14    Spells: 9/9 levels left

rFire   . . .      SeeInvis +   z - +2 quarterstaff (chaos)
rCold   . . .      Faith    .   (shield currently unavailable)
rNeg    . . .      Spirit   .   (body armour unavailable)
rPois   +          Reflect  .   (helmet restricted)
rElec   .          Harm     .   y - +0 cloak {Will+}
rCorr   .          Rampage  .   g - +0 pair of gloves
Will    +++..                   q - +1 pair of boots
Stlth   ++........              (no amulet)
HPRegen 0.26/turn               f - +4 ring of protection
MPRegen 0.12/turn               d - ring "Sioreug" {rPois Str+6 Int-4 SInv}

@: corroded, unable to read
A: breathe noxious fumes, AC +7, unfitting armour, poison resistance,
cold-blooded, horns 1, talons 1, thin skeletal structure 1, strong-willed 2,
robust 1, wild magic 1, inability to read after injury 1
a: Breathe Noxious Fumes, Renounce Religion


You were on level 9 of the Dungeon.
You worshipped Xom.
You were a very special plaything of Xom.
You visited 2 branches of the dungeon, and saw 10 of its levels.

You collected 495 gold pieces.

Inventory:

Hand Weapons
 a - a +0 falchion of venom
 z - a +2 quarterstaff of chaos (weapon)
Missiles
 u - a throwing net
Armour
 c - a +1 cloak
 g - a +0 pair of gloves (worn)
 q - a +1 pair of boots (worn)
 y - a +0 cloak of willpower (worn)
Jewellery
 d - the ring "Sioreug" (right hand) {rPois Str+6 Int-4 SInv}
   (You acquired it on level 2 of the Dungeon)

   [ring of strength]

   Str:       It affects your strength (+6).
   Int:       It affects your intelligence (-4).
   rPois:     It protects you from poison.
   SInv:      It lets you see invisible.
 f - a +4 ring of protection (left hand)
 j - a ring of wizardry
 p - a ring of wizardry
 v - a ring of fire
Wands
 w - a wand of charming (24)
 A - a wand of flame (15)
 C - a wand of mindburst (1)
Scrolls
 i - 5 scrolls of teleportation
 n - 2 scrolls of immolation
 x - a scroll of enchant armour
 B - a scroll of brand weapon
 D - 2 scrolls of identify
Potions
 e - 3 potions of heal wounds {unknown}
 h - 3 potions of resistance
 k - 2 potions of brilliance
 l - 2 potions of ambrosia
 m - 3 potions of attraction
 o - 2 potions of flight
 r - 4 potions of invisibility
 s - a potion of berserk rage
 t - 2 potions of lignification
Miscellaneous
 b - a piece from Xom's chessboard (14/15) (quivered)


   Skills:
 + Level 7.8 Fighting
 + Level 9.3 Long Blades
 + Level 5.3 Staves
 + Level 7.8 Dodging
 + Level 1.6 Evocations


You had 9 spell levels left.
You didn't know any spells.
Your spell library contained the following spells:

 Spells                   Type           Power      Damage    Failure   Level
 Foxfire                  Conj/Fire      0%         2x1d4     50%         1
 Ensorcelled Hibernation  Hex/Ice        0%         N/A       63%         2
 Conjure Flame            Conj/Fire      0%         6-21      85%         3
 Inner Flame              Hex/Fire       0%         N/A       85%         3
 Spider Form              Tmut/Pois      0%         N/A       85%         3
 Anguish                  Hex/Necr       0%         N/A       99%         4
 Flame Wave               Conj/Fire      0%         2d4       99%         4
 Summon Lightning Spire   Summ/Air       0%         N/A       99%         4
 Storm Form               Tmut/Air       0%         N/A       100%        7
 Maxwell's Capacitive Co  Air            0%         ∞         100%        8


Dungeon Overview and Level Annotations

Branches:
Dungeon (9/15)             Temple (1/1) D:7
   Lair: D:8-11         Orc: D:9-12

Altars:
Ashenzari
Cheibriados
Dithmenos
Elyvilon
Fedhas
Gozag
Hepliaklqana
Kikubaaqudgha
Makhleb
Nemelex Xobeh
Okawaru
Qazlal
Ru
Sif Muna
Trog
Uskayaw
Vehumet
Wu Jian
Xom
Yredelemnul
Zin
The Shining One

Shops:
D:2 ?   D:6 *

Annotations:
D:3 Pikel
D:4 1 runed translucent door, exclusion: downstairs, jonaskbp's ghost, novice DjSu
D:7 1 runed translucent door, kalagan's ghost, novice DECj
D:9 exclusion: upstairs


Innate Abilities, Weirdness & Mutations

You can breathe blasts of noxious fumes.
Your lurid green scales are hard. (AC +7)
You cannot fit into any form of body armour.
Your system is resistant to poisons. (rPois)
You are cold-blooded and may be slowed by cold attacks.
You have a pair of small horns on your head.
You have sharp toenails.
You have a somewhat thin skeletal structure. (Dex +2, Stealth+)
You are highly strong-willed. (Will++)
You are robust. (+10% HP)
Your spells are a little harder to cast, but a little more powerful.
You occasionally lose the ability to read scrolls when taking damage.


Message History

The splash of acid hits you! The acid corrodes you!
The acid dragon completely misses you.
The acid dragon claws you but does no damage.
You barely miss the acid dragon. Your headbutt misses the acid dragon.
The acid dragon bites you but does no damage.
The acid dragon claws you but does no damage.
You closely miss the acid dragon. The acid dragon bites you!
The acid dragon claws you.
You sock the acid dragon!
The acid dragon suddenly seems more agile.
The acid dragon is heavily wounded.
The acid dragon barely misses you.
The acid dragon claws you but does no damage.
You sock the acid dragon! You burn the acid dragon.
You headbutt the acid dragon, but do no damage.
Your tail-slap misses the acid dragon.
The acid dragon is almost dead.
The acid dragon bites you.
The acid dragon claws you but does no damage.
You completely miss the acid dragon.
The acid dragon is almost dead.
The acid dragon bites you. The acid dragon closely misses you.
You barely miss the acid dragon.
Your tail-slap misses the acid dragon.
The acid dragon is almost dead.
The acid dragon bites you!
* * * LOW HITPOINT WARNING * * *
The acid dragon barely misses you.
You hit the acid dragon but do no damage.
You headbutt the acid dragon, but do no damage.
Your tail-slap misses the acid dragon.
The acid dragon is almost dead.
The acid dragon spits acid at you. The splash of acid hits you!!
You feel threatened and lose the ability to read scrolls!
* * * LOW HITPOINT WARNING * * *
You hit the acid dragon but do no damage.
The acid dragon goes berserk!
The acid dragon is almost dead.
The acid dragon bites you!
You die...

....# ...#
...# #..#
#######..#
.........#
,
.......D.#
, #@.#
########..#
,
..........#
,
#########.#
* ,* #.# #
#.# , ..# *
..# .#


You could see an acid dragon (berserk, agile, catching breath).

Vanquished Creatures
  A two-headed ogre (D:8)
  Joseph (D:8)
  A hornet (D:8)
  2 yaks
  Edmund (D:5)
  A water moccasin (D:8)
  2 black bears (D:7)
  A sky beast (D:6)
  2 orc warriors
  An ice beast (D:5)
  3 lemures
  2 kobold brigands
  A bullfrog (D:6)
  A scorpion (D:6)
  A necrophage (D:6)
  A gnoll sergeant (D:8)
  8 wights
  A howler monkey (D:6)
  A crimson imp (D:2)
  A jelly (D:6)
  An orc priest (D:3)
  3 hounds
  Crazy Yiuf (D:7)
  A gnoll bouda (D:6)
  Natasha (thrice) (D:3)
  6 iguanas
  4 orc wizards
  10 gnolls
  7 adders
  2 shadow imps
  2 ufetubi
  3 worms
  3 dart slugs
  17 orcs
  7 endoplasms
  6 giant cockroaches
  11 goblins
  6 hobgoblins
  10 jackals
  16 kobolds
  7 quokkas
  10 ball pythons
  4 bats
  5 frilled lizards
  4 rats
182 creatures vanquished.

Vanquished Creatures (collateral kills)
  Menkaure (D:7)
  An ogre (D:6)
  A kobold brigand (D:6)
  A necrophage (D:6)
  A bullfrog (D:6)
  A scorpion (D:6)
  A goblin (D:2)
  2 kobolds (D:6)
9 creatures vanquished.

Vanquished Creatures (others)
  A human (D:8)
  A bat zombie (D:2)
2 creatures vanquished.

Grand Total: 193 creatures vanquished

Notes
Turn   | Place    | Note
-------+----------+-------------------------------------------
     0 | D:1      | Lekart the Draconian Chaos Knight began the quest for the
                  | Orb.
     0 | D:1      | Reached XP level 1. HP: 19/19 MP: 1/1
    26 | D:1      | XOM: silly message
   191 | D:1      | Reached XP level 2. HP: 26/26 MP: 2/2
   300 | D:1      | XOM: divination: detect items
   304 | D:1      | XOM: 7-stop teleportation journey
   480 | D:1      | Found a faded altar of an unknown god.
   591 | D:1      | XOM: silly message
   595 | D:1      | XOM: give mutations
   595 | D:1      | Gained mutation: You have large cloven feet. [Xom's grace]
   595 | D:1      | Gained mutation: You are robust. (+10% HP) [Xom's grace]
   806 | D:1      | Reached XP level 3. HP: 31/36 MP: 3/3
   820 | D:1      | XOM: give mutations
   820 | D:1      | Gained mutation: You are strong-willed. (Will+) [Xom's
                  | grace]
   820 | D:1      | Gained mutation: Your spells are a little harder to cast,
                  | but a little more powerful. [Xom's grace]
   938 | D:1      | XOM: 1-stop teleportation journey
   991 | D:2      | XOM: snakes to sticks
  1003 | D:2      | Identified the +2 war axe of Awaim {protect, Str+2 Stlth+}
  1346 | D:2      | XOM: god gift: 10 gold pieces
  1396 | D:2      | You fall into a shaft and drop 2 floors!
  1431 | D:3      | Reached skill level 4 in Long Blades
  1483 | D:2      | Reached XP level 4. HP: 29/44 MP: 4/4
  1623 | D:2      | Found Waczuiqooh's Magic Scroll Boutique.
  1625 | D:2      | Found a shimmering altar of Xom.
  1966 | D:2      | Identified a scroll of acquirement
  1966 | D:2      | Acquired the ring "Sioreug" {rPois Str+6 Int-4 SInv}
  2132 | D:3      | Found a sparkling altar of Nemelex Xobeh.
  2132 | D:3      | XOM: 5-stop teleportation journey
  2273 | D:3      | Noticed Natasha
  2279 | D:3      | Killed Natasha
  2280 | D:3      | Reached XP level 5. HP: 39/50 MP: 5/5
  2291 | D:3      | Lost mutation: Your spells are a little harder to cast, but
                  | a little more powerful. [potion of mutation]
  2291 | D:3      | Lost mutation: You are robust. (+10% HP) [potion of
                  | mutation]
  2291 | D:3      | Lost mutation: You have large cloven feet. [potion of
                  | mutation]
  2291 | D:3      | Gained mutation: You occasionally lose the ability to read
                  | scrolls when taking damage. [potion of mutation]
  2291 | D:3      | Gained mutation: You are frail. (-10% HP) [potion of
                  | mutation]
  2291 | D:3      | Gained mutation: You have large cloven feet. [potion of
                  | mutation]
  2498 | D:3      | XOM: 1-stop teleportation journey
  2572 | D:3      | Noticed Natasha
  2580 | D:3      | Killed Natasha
  2581 | D:3      | Reached skill level 5 in Long Blades
  2845 | D:3      | Noticed Natasha
  2852 | D:3      | Killed Natasha
  3035 | D:4      | Reached XP level 6. HP: 39/47 MP: 6/6
  3073 | D:4      | XOM: scenery: 2 doors open
  3098 | D:4      | Noticed Pikel
  3110 | D:4      | XOM: potion effect (heal wounds)
  3112 | D:4      | XOM: enchant monster (good)
  3131 | D:4      | XOM: cleaving
  3132 | D:4      | XOM: fog
  3286 | D:3      | XOM: polymorph lemure -> crimson imp
  3291 | D:3      | XOM: cleaving
  3293 | D:3      | XOM: scenery: create altars
  3577 | D:3      | XOM: fake destruction
  3584 | D:2      | XOM: enchant monster (bad)
  3608 | D:2      | XOM: fake destruction
  3613 | D:2      | XOM: cast spell 'Alistair's Intoxication'
  3926 | D:4      | Found a runed translucent door.
  3930 | D:4      | Noticed jonaskbp's ghost (novice DjSu)
  4283 | D:4      | Found a burning altar of Makhleb.
  4539 | D:5      | Entered Level 5 of the Dungeon
  4539 | D:5      | Found an ornate altar of the Wu Jian Council.
  4555 | D:5      | Noticed Edmund
  4559 | D:5      | XOM: blink monster(s)
  4561 | D:5      | XOM: divination: detect items
  4659 | D:5      | Killed Edmund
  4746 | D:5      | XOM: 1-stop teleportation journey
  4848 | D:5      | XOM: god gift: chain mail {god gift}
  4971 | D:5      | Your scales start taking on a lurid green colour.
  4971 | D:5      | Reached XP level 7. HP: 54/54 MP: 7/7
  4971 | D:5      | Gained mutation: Your system is resistant to poisons.
                  | (rPois) [Green Draconian growth]
  4990 | D:5      | Reached skill level 5 in Fighting
  4990 | D:5      | Reached skill level 6 in Long Blades
  5239 | D:5      | XOM: silly message
  5263 | D:5      | XOM: scenery: summon butterflies
  5275 | D:5      | XOM: noise
  5288 | D:5      | Identified the +1 leather armour "Niadadun" {+Inv rF++
                  | Str+9}
  5435 | D:5      | Lost mutation: You have large cloven feet. [potion of
                  | mutation]
  5435 | D:5      | Lost mutation: You are frail. (-10% HP) [potion of
                  | mutation]
  5435 | D:5      | Gained mutation: You are highly strong-willed. (Will++)
                  | [potion of mutation]
  5435 | D:5      | Gained mutation: Your spells are a little harder to cast,
                  | but a little more powerful. [potion of mutation]
  5443 | D:5      | XOM: scenery: create altars
  5670 | D:6      | XOM: god gift: 4 stones
  5676 | D:6      | Reached skill level 5 in Dodging
  5777 | D:6      | XOM: smoke on damage
  5802 | D:6      | XOM: god gift: scroll labelled XYSCHEURAINY {god gift}
  5805 | D:6      | XOM: cast spell 'Leda's Liquefaction'
  5814 | D:6      | XOM: cleaving
  5815 | D:6      | XOM: confuse monster(s)
  5820 | D:6      | Reached skill level 7 in Long Blades
  5820 | D:6      | Reached XP level 8. HP: 60/69 MP: 8/8
  5902 | D:6      | XOM: destruction
  5915 | D:6      | XOM: fake destruction
  6346 | D:6      | XOM: give mutations
  6346 | D:6      | Gained mutation: You have a somewhat thin skeletal
                  | structure. (Dex +2, Stealth+) [Xom's grace]
  6346 | D:6      | Gained mutation: You are robust. (+10% HP) [Xom's grace]
  6346 | D:6      | Gained mutation: You have sharp toenails. [Xom's grace]
  6346 | D:6      | Gained mutation: You have a pair of small horns on your
                  | head. [Xom's grace]
  6381 | D:6      | Found a shimmering blue altar of Sif Muna.
  6400 | D:6      | Reached skill level 8 in Long Blades
  6431 | D:6      | Found an opulent altar of Gozag.
  6443 | D:6      | Found Viawas's CLEARANCE SALE!.
  6452 | D:6      | Found a broken altar of Ashenzari.
  6510 | D:6      | XOM: divination: detect items
  6838 | D:6      | XOM: god gift: scroll of teleportation
  6911 | D:7      | Found a staircase to the Ecumenical Temple.
  6916 | D:7      | Noticed Menkaure
  6919 | D:7      | XOM: divination: detect items
  6921 | D:7      | XOM: summons 3 friendly demons
  6935 | D:7      | XOM: scenery: summon butterflies
  6938 | D:7      | Killed Menkaure
  6939 | D:7      | Reached XP level 9. HP: 54/82 MP: 9/9
  6951 | Temple   | Entered the Ecumenical Temple
  7098 | D:7      | Found a runed translucent door.
  7099 | D:7      | Found a shimmering altar of Xom.
  7099 | D:7      | Noticed kalagan's ghost (novice DECj)
  7100 | D:7      | Noticed a +2 falchion of chaos
  7262 | D:7      | Reached skill level 9 in Long Blades
  7276 | D:7      | Found a runed translucent door.
  7277 | D:7      | Noticed Crazy Yiuf
  7279 | D:7      | XOM: noise
  7329 | D:7      | Killed Crazy Yiuf
  7823 | D:8      | XOM: 1-stop teleportation journey
  7952 | D:8      | Reached skill level 1 in Staves
  8076 | D:8      | XOM: cloud trail
  8210 | D:8      | XOM: god gift: 50 gold pieces
  8230 | D:8      | XOM: summons friendly quasit
  8355 | D:8      | XOM: silly message
  8486 | D:8      | XOM: summons 1 hostile demon
  8591 | D:8      | Noticed a six-headed hydra
  8604 | D:8      | HP: 4/86 [six-headed hydra (1)]
  8606 | D:8      | Noticed Joseph
  8656 | D:8      | XOM: noise
  8679 | D:8      | Killed Joseph
  8680 | D:8      | Reached skill level 1 in Evocations
  8790 | D:8      | XOM: 1-stop teleportation journey
  9136 | D:8      | Noticed a two-headed ogre
  9137 | D:8      | XOM: divination: detect items
  9148 | D:8      | Killed a two-headed ogre
  9149 | D:8      | Reached skill level 5 in Staves
  9149 | D:8      | Reached XP level 10. HP: 96/96 MP: 10/10
  9206 | D:8      | Found an ancient bone altar of Kikubaaqudgha.
  9378 | D:9      | XOM: divination: magic mapping
  9407 | D:9      | XOM: divination: magic mapping
  9413 | D:9      | XOM: enchant monster (bad)
  9416 | D:9      | XOM: confusion
  9417 | D:9      | XOM: 4-stop teleportation journey
  9431 | D:9      | Slain by an acid dragon

Illustrated notes

Levels and vault maps discovered:
D:1:      dpeg_arrival_shrine, layout_basic, ebering_ecumenical_altar_abandoned
D:2:      layout_basic, basic_altar, serial_shops, shop
D:3:      layout_rooms, mainiacjoe_overflow_concentric_impassable,
          minmay_pentomino_pile, uniq_natasha
D:4:      layout_basic, lightli_temple_of_fire, gammafunk_ghost_grave,
          chequers_serial_rivers_marsh, uniq_pikel
D:5:      layout_loops_ring, mainiacjoe_overflow_catwalk,
          cheibrodos_sewer_entry_bend, uniq_edmund
D:6:      layout_rooms, mainiacjoe_overflow_tiny_flanked,
          mainiacjoe_overflow_boulevard, lemuel_tele_altar, serial_curves,
          eino_curves_03, eino_curves_03, nicolae_shop_clearance
D:7:      layout_rooms, minmay_temple_entry_wispy, ebering_ghost_xom,
          uniq_menkaure, uniq_crazy_yiuf_cottage
D:8:      minmay_general_purpose_star, layout_loops_ring, tgw_kikubaaqudgha,
          nicolae_concentric_dashed_squares_mild, uniq_joseph
D:9:      layout_long_grid, minmay_misc_feat_four_crosses, jiyva_altar_1
Temple:   minmay_freezing_vapour_temple

Skill      XL: |  1  2  3  4  5  6  7  8  9 |
---------------+----------------------------+-----
Fighting       | 4 5 6 7 |  7.8
Long Blades    | 4 5 7 8 9 |  9.3
Dodging        | 3 4 5 6 7 |  7.8
Staves         | 5 |  5.3
Evocations     | 1 |  1.6

Action                   |  1- 3 |  4- 6 |  7- 9 | 10-12 || total
-------------------------+-------+-------+-------+-------++-------
Melee: Falchion          |   130 |   222 |   213 |       ||   565
       Tailslap          |    10 |    33 |    48 |     1 ||    92
       Punch             |     6 |     1 |       |       ||     7
       Kick              |    12 |    49 |     3 |       ||    64
       Headbutt          |       |       |    43 |     4 ||    47
       Quarterstaff      |       |       |    85 |    14 ||    99
 Abil: Breathe Noxious F |       |       |    10 |       ||    10
Evoke: Piece from Xom's  |       |     3 |     4 |       ||     7
       Wand              |       |       |     5 |       ||     5
  Use: Scroll            |       |    17 |     5 |     1 ||    23
       Potion            |       |     3 |     1 |       ||     4
 Stab: Sleeping          |     2 |     1 |     1 |       ||     4
       Paralysed         |     1 |       |     5 |       ||     6
       Distracted        |     1 |       |     1 |       ||     2
       Confused          |       |       |     6 |       ||     6
Armor: Skin              |    43 |   151 |   121 |    16 ||   331
Dodge: Dodged            |    83 |   178 |   224 |    12 ||   497
